 Dungeon Crawl Stone Soup version 0.31-a0-544-gceb718ecc6 (webtiles) character file.

Game seed: 4849296355689349455

46 randomguy2701 the Grave Robber (level 3, -1/19 HPs)
             Began as a Deep Elf Necromancer on Aug 15, 2023.
             Killed from afar by Sigmund (8 damage)
             ... with a puff of flame
             ... on level 2 of the Dungeon.
             The game lasted 00:01:18 (1143 turns).

randomguy2701 the Grave Robber (DENe)               Turns: 1143, Time: 00:01:18

Health: -1/19      AC:  2    Str:  5    XL:     3   Next: 46%
Magic:  6/10       EV: 12    Int: 21    God:
Gold:   111        SH:  0    Dex: 15    Spells: 8/9 levels left

rFire   . . .        i - staff of poison
rCold   . . .        (no shield)
rNeg    . . .        a - +0 robe
rPois   +            (no helmet)
rElec   .            (no cloak)
rCorr   .            (no gloves)
SInv    .            (no boots)
Will    .....        (no amulet)
Stlth   ++           (no ring)
HPRegen 0.23/turn    (no ring)
MPRegen 0.12/turn

%: no passive effects
@: no status effects
A: no striking features
a: no special abilities


You were on level 2 of the Dungeon.
You visited 1 branch of the dungeon, and saw 2 of its levels.

You collected 111 gold pieces.

Inventory:

Armour
 a - a +0 robe (worn)
Magical Staves
 i - a staff of poison (weapon)
Scrolls
 c - 2 scrolls of identify {unknown}
 g - a scroll of teleportation {unknown}
Potions
 b - a potion of magic
 d - 5 potions of mutation {unknown}
 e - 2 potions of heal wounds {unknown}
 f - a potion of curing {unknown}
 h - a potion of cancellation {unknown}
 j - a potion of might {unknown}


   Skills:
 + Level 2.4 Dodging
 + Level 2.7 Stealth
 + Level 3.7 Spellcasting
 + Level 5.9 Necromancy


You had 8 spell levels left.
You knew the following spells:

 Your Spells              Type           Power      Damage    Failure   Level
a - Necrotise             Necr           100%       1d9       1%          1

Your spell library contained the following spells:

 Spells                   Type           Power      Damage    Failure   Level
 Vampiric Draining        Necr           28%        2d8       3%          3
 Animate Dead             Necr           28%        N/A       11%         4
 Agony                    Necr           28%        N/A       30%         5


Dungeon Overview and Level Annotations

Branches:
Dungeon (2/15)

Altars:

Annotations:
D:2 Sigmund


Message History

The hobgoblin barely misses your hobgoblin skeleton.
Your hobgoblin skeleton barely misses the hobgoblin.
The hobgoblin hits your hobgoblin skeleton.
You see here 19 gold pieces.
Your hobgoblin skeleton hits the hobgoblin.
The hobgoblin hits your hobgoblin skeleton.
Your hobgoblin skeleton is destroyed!
The hobgoblin writhes in agony!
You kill the hobgoblin!
The dead are walking!
You can't see any susceptible monsters within range! (Use Z to cast anyway.)
Your ball python skeleton crumbles into dust!
Your hobgoblin skeleton crumbles into dust!
You now have 85 gold pieces (gained 19).
You now have 97 gold pieces (gained 12).
You now have 111 gold pieces (gained 14).
d - 5 fizzy purple potions (gained 1)
An adder comes into view.
An adder is nearby!
An adder is nearby!
Sigmund and a rat come into view.
Sigmund writhes in agony.
Sigmund casts a spell.
Sigmund flickers and vanishes!
Deactivating autopickup; reactivate with Ctrl-A.
The adder barely resists.
The adder writhes in agony.
The adder bites you. Something hits you.
The adder writhes in agony.
The adder completely misses you. The adder bites you.
The adder writhes in agony!
You kill the adder!
The dead are slithering!
Something hits you.
The rat barely misses your adder skeleton.
You are too injured to fight recklessly!
Your adder skeleton closely misses the rat.
The rat bites your adder skeleton.
Your adder skeleton bites the rat.
The rat bites your adder skeleton.
A puff of flame appears from out of thin air!
The puff of flame hits you!
You die...

#.#..####..... #.#..#
#..##. #.#..# #..##.
#.#..####..##.
###..........##.
#............##.
#.#.............
#######.#......#...###
#.{..@.......####..#
#.#####...##...#...#
#......#
###.#....#.##..
#.#.Z..# #........#
.## #r.... ..........#
.# .......
###........# .#
......... #.#...#..#
#......... #.##.###.#
#......#### #. #.# ..


There were no monsters in sight!

Vanquished Creatures
  An adder (D:2)
  A dart slug (D:1)
  4 ball pythons
  5 endoplasms
  A giant cockroach (D:2)
  A goblin (D:1)
  5 hobgoblins
  A quokka (D:1)
  2 bats (D:1)
  2 frilled lizards (D:1)
  3 kobolds (D:1)
  3 rats (D:1)
29 creatures vanquished.

Vanquished Creatures (collateral kills)
  A dart slug (D:1)
  A goblin (D:1)
2 creatures vanquished.

Grand Total: 31 creatures vanquished

Notes
Turn   | Place    | Note
-------+----------+-------------------------------------------
     0 | D:1      | randomguy2701 the Deep Elf Necromancer began the quest for
                  | the Orb.
     0 | D:1      | Reached XP level 1. HP: 10/10 MP: 6/6
    40 | D:1      | Reached skill level 5 in Necromancy
   152 | D:1      | Reached XP level 2. HP: 15/15 MP: 6/8
   832 | D:1      | Reached XP level 3. HP: 19/19 MP: 7/9
  1134 | D:2      | Noticed Sigmund
  1143 | D:2      | Killed from afar by Sigmund

Illustrated notes

Levels and vault maps discovered:
D:1:      amcnicky_arrival_choice, layout_basic, palyth_stone_intersect
D:2:      layout_loops_ring, basic_altar, uniq_sigmund

Skill      XL: |  1 |
---------------+----+-----
Necromancy     | 5 |  5.9
Dodging        | |  2.4
Stealth        | |  2.7
Spellcasting   | |  3.7

Action                     || total
---------------------------++-------
  Melee: Unarmed           ||     1
   Cast: Necrotise         ||    48
 Armour: Robe              ||     2
  Dodge: Dodged            ||     5

Table legend: (Time is in decaauts)
 A = Elapsed time spent in this place.
 B = Non-inter-level travel time spent in this place.
 C = Inter-level travel time spent in this place.
 D = Time resting spent in this place.
 E = Time spent auto-exploring this place.
 F = Levels seen in this place.
 G = Mean time per level.
                   A        B        C        D        E       F      G
               +--------+--------+--------+--------+--------+-----+--------+
         Total |   1142 |   1075 |     67 |      0 |    932 |   2 |  571.0 |
       Dungeon |   1142 |   1075 |     67 |      0 |    932 |   2 |  571.0 |
               +--------+--------+--------+--------+--------+-----+--------+

Top non-repeatable levels by time:
     D:1: 1013 daAuts
     D:2: 128 daAuts
